 Dungeon Crawl Stone Soup version 0.21.1-1-g345015fe64 (webtiles) character file.

17798 Kohma the Basher (level 12, -17/71 HPs)
             Began as a Gargoyle Berserker on June 16, 2018.
             Was the Champion of Trog.
             Demolished by an orc warrior
             ... wielding a +0 glaive
              (29 damage)
             ... on level 1 of the Orcish Mines.
             The game lasted 00:55:22 (13562 turns).

Kohma the Basher (Gargoyle Berserker)              Turns: 13562, Time: 00:55:23

Health: -17/71     AC: 26    Str: 25    XL:     12   Next: 51%
Magic:  12/12      EV:  6    Int:  8    God:    Trog [******]
Gold:   1167       SH: 19    Dex: 10    Spells: 11/11 levels left

rFire    . . .     SeeInvis .   a - +5 eveningstar
rCold    + + .     Gourm    .   G - +0 large shield {rPois}
rNeg     + . .     Faith    .   V - +2 chain mail {rC+}
rPois    ∞         Spirit   .   y - +0 helmet
rElec    +         Reflect  .   z - +1 cloak {MR+}
rCorr    .         Harm     .   (no gloves)
MR       ++...                  H - +0 pair of boots
Stlth    ..........             (no amulet)
HPRegen  0.21/turn              C - ring of protection from magic
MPRegen  0.13/turn              g - ring of protection from cold

@: no status effects
A: negative energy resistance 1, electricity resistance, unbreathing,
petrification resistance, rot immunity, AC +8
a: Berserk, Trog's Hand, Brothers in Arms, Burn Spellbooks, Renounce Religion


You were on level 1 of the Orcish Mines.
You worshipped Trog.
Trog was exalted by your worship.
You were hungry.

You visited 3 branches of the dungeon, and saw 14 of its levels.

You collected 1167 gold pieces.

Inventory:

Hand Weapons
 a - a +5 eveningstar (weapon)
 b - a +1 antimagic whip
 A - a +0 whip of flaming
 I - a +1 flail of protection
 U - a +7 hand crossbow of freezing
Missiles
 r - 4 javelins
 J - 4 steel tomahawks
 L - 5 steel javelins (quivered)
 O - a throwing net
 P - 10 tomahawks
Armour
 y - a +0 helmet (worn)
 z - a +1 cloak of magic resistance (worn)
 G - a +0 large shield of poison resistance (worn)
 H - a +0 pair of boots (worn)
 Q - a +0 plate armour
 V - a +2 chain mail of cold resistance (worn)
Jewellery
 g - a ring of protection from cold (right hand)
 h - a +6 ring of strength
 s - an uncursed ring of positive energy
 w - an uncursed ring of positive energy
 C - a ring of protection from magic (left hand)
 T - an uncursed ring of poison resistance {unknown}
Wands
 u - a wand of enslavement (4)
 E - a wand of random effects (9)
 F - a wand of disintegration (7)
 K - a wand of iceblast (14)
 N - a wand of polymorph (12)
 S - a wand of paralysis (10)
Scrolls
 e - 8 scrolls of teleportation
 f - 3 scrolls of remove curse
 R - 2 scrolls of magic mapping
Potions
 d - 3 potions of mutation
 i - 3 potions of haste
 j - 5 potions of flight
 k - a potion of cancellation {unknown}
 l - 2 potions of brilliance {unknown}
 m - a potion of ambrosia {unknown}
 n - 2 potions of might
 o - 2 potions of berserk rage
 p - 8 potions of curing
 q - 2 potions of heal wounds
 v - 2 potions of agility
 x - a potion of invisibility {unknown}
 B - a potion of resistance {unknown}
 D - 2 potions of lignification
Comestibles
 c - 19 rations
 M - 25 chunks of flesh


   Skills:
 + Level 6.5 Fighting
 * Level 13.6 Maces & Flails
 + Level 8.1 Armour
 - Level 1.5 Dodging
 * Level 12.7 Shields


You had 11 spell levels left.
You didn't know any spells.

Dungeon Overview and Level Annotations

Branches:
Dungeon (11/15)            Temple (1/1) D:4            Lair (0/6) D:11
    Orc (2/2) D:11            Elf (0/3) Orc:2

Altars:
Ashenzari
Cheibriados
Dithmenos
Elyvilon
Fedhas
Gozag
Hepliaklqana
Kikubaaqudgha
Makhleb
Nemelex Xobeh
Okawaru
Qazlal
Ru
Sif Muna
Trog
Uskayaw
Vehumet
Wu Jian
Xom
Yredelemnul
Zin
The Shining One

Shops:
D:10 (   D:11 }*


Innate Abilities, Weirdness & Mutations

You are resistant to torment.
Your stone body is resilient. (AC +8)
You are immune to poison.
You resist negative energy. (rN+)
You are resistant to electric shocks. (rElec)
You can survive without breathing.
You are immune to petrification.
You are immune to rotting.


Message History

a robe; a dagger You block the orc warrior's attack.
The orc warrior hits you but does no damage.
You climb upwards.
Welcome back to the Dungeon!
There is a staircase to the Orcish Mines here.
You climb downwards.
Welcome back to the Orcish Mines!
You block the ogre's attack.
The orc warlord hits you but does no damage.
The orc warrior hits you from afar with a glaive.
* * * LOW HITPOINT WARNING * * *
You block the orc warrior's attack.
There is a staircase back to the Dungeon, spattered with blood here.
Things that are here:
a robe; a dagger You block the ogre's attack.
The orc warlord hits you with a dire flail of draining!
* * * LOW HITPOINT WARNING * * *
You block the orc warrior's attack.
The orc warrior hits you from afar with a glaive!!
You die...

##....................####
##.....................#.##
#...............##.#......##
##.#...........######..#...#
##...........##.###.####.##
##.....)[............#.###
#......>[....##.....#....##
#.....[[[.O)#..##....#....#
##.......o@.[...#........#.
##.....o.)o...........#...
##........[[..........#....
#................[.....#...
##.#.........#....#.#.#....
#....^.......[....[........
##.#.......#...............
###.......##...............
##..............#...........


You could see an orc warlord, 2 orc warriors and an ogre.

Vanquished Creatures
  Snorg (D:11)
  Josephine (D:11)
  The ghost of mehakun the Carver, a novice DsBe of Trog (D:9)
  Urug (D:10)
  2 orc high priests
  Pikel (D:9)
  An orc sorcerer (D:11)
  A manticore (D:11)
  Maurice (D:8)
  Psyche (D:9)
  The ghost of Gargoyl the Chopper, a novice CeAK of Lugonu (D:5)
  2 gargoyles (D:11)
  2 trolls
  A merfolk (D:10)
  A hippogriff (D:9)
  9 yaks
  3 wraiths (D:11)
  2 hungry ghosts (D:10)
  2 wargs
  Edmund (D:4)
  Duvessa (D:6)
  3 porcupines (D:11)
  19 orc warriors
  2 ice beasts
  2 phantoms
  2 sky beasts
  2 eyes of draining
  3 centaurs
  8 ogres
  3 crocodiles (D:11)
  8 bullfrogs
  A wyvern zombie (D:10)
  Dowan (D:6)
  5 scorpions
  A water moccasin skeleton (D:6)
  9 killer bees
  3 wights (D:8)
  2 howler monkeys
  3 crimson imps
  A quasit (D:8)
  4 hounds
  3 jellies
  A bullfrog skeleton (D:7)
  Crazy Yiuf (D:4)
  19 orc priests
  27 orc wizards
  Natasha (D:4)
  3 iguanas
  7 worker ants
  A killer bee zombie (D:9)
  8 ogre zombies (D:11)
  A hound skeleton (D:8)
  A howler monkey zombie (D:6)
  2 worker ant zombies
  13 adders
  4 gnolls (D:8)
  3 shadow imps
  An ooze (D:3)
  An adder zombie (D:5)
  2 worms
  A dart slug (D:1)
  7 leopard geckos
  58 orcs
  2 bats
  5 giant cockroaches
  6 goblins
  6 hobgoblins
  17 jackals
  5 quokkas
  3 frilled lizards (D:3)
  A giant cockroach zombie (D:5)
  2 goblin skeletons (D:11)
  A goblin zombie (D:11)
  3 hobgoblin skeletons (D:11)
  A hobgoblin zombie (D:11)
  7 kobolds
  An orc skeleton (D:11)
  17 orc zombies (D:11)
  A quokka zombie (D:7)
  23 rats
384 creatures vanquished.

Vanquished Creatures (others)
  An orc priest (Orc:1)
  An orc wizard (D:7)
  A fungus (D:11)
3 creatures vanquished.

Grand Total: 387 creatures vanquished

Notes
Turn   | Place    | Note
-------+----------+-------------------------------------------
     0 | D:1      | Kohma the Gargoyle Berserker began the quest for the Orb.
     0 | D:1      | Reached XP level 1. HP: 14/14 MP: 1/1
   437 | D:1      | Reached XP level 2. HP: 19/19 MP: 2/2
  1019 | D:2      | Reached XP level 3. HP: 14/23 MP: 3/3
  1784 | D:3      | Reached ** piety under Trog
  2023 | D:3      | Reached XP level 4. HP: 14/29 MP: 4/4
  2224 | D:3      | Reached skill level 4 in Maces & Flails
  2334 | D:3      | Reached *** piety under Trog
  2628 | D:3      | Reached XP level 5. HP: 31/33 MP: 5/5
  2920 | D:4      | Found a staircase to the Ecumenical Temple.
  3048 | Temple   | Entered the Ecumenical Temple
  3345 | D:4      | Reached XP level 6. HP: 28/39 MP: 6/6
  3668 | D:4      | Noticed Natasha
  3680 | D:4      | Killed Natasha
  3962 | D:4      | Found a runed door.
  3966 | D:4      | Noticed Crazy Yiuf
  3978 | D:4      | Killed Crazy Yiuf
  3978 | D:4      | Reached skill level 5 in Maces & Flails
  4087 | D:4      | Reached skill level 5 in Armour
  4101 | D:4      | Noticed Edmund
  4161 | D:4      | Killed Edmund
  4161 | D:4      | Reached XP level 7. HP: 13/44 MP: 7/7
  4470 | D:5      | Entered Level 5 of the Dungeon
  4662 | D:5      | Noticed Gargoyl's ghost (novice CeAK)
  4706 | D:5      | Killed Gargoyl's ghost
  4706 | D:5      | Reached skill level 5 in Fighting
  4706 | D:5      | Reached skill level 6 in Maces & Flails
  4706 | D:5      | Reached XP level 8. HP: 50/50 MP: 8/8
  5007 | D:5      | Found a bloodstained altar of Trog.
  5029 | D:5      | Reached **** piety under Trog
  5419 | D:6      | Reached skill level 7 in Maces & Flails
  5429 | D:6      | Noticed Duvessa
  5433 | D:6      | Noticed Dowan
  5458 | D:6      | Killed Duvessa
  5483 | D:6      | Killed Dowan
  5720 | D:6      | Reached skill level 1 in Shields
  5784 | D:6      | Reached XP level 9. HP: 49/55 MP: 9/9
  5961 | D:7      | Reached skill level 8 in Maces & Flails
  6288 | D:7      | Found a burning altar of Makhleb.
  6411 | D:7      | Received a gift from Trog
  6917 | D:7      | Reached skill level 5 in Shields
  7435 | D:8      | Reached skill level 9 in Maces & Flails
  7439 | D:8      | Noticed Maurice
  7662 | D:8      | Received a gift from Trog
  7955 | D:8      | Found a shadowy altar of Dithmenos.
  7968 | D:8      | Reached XP level 10. HP: 59/60 MP: 10/10
  8080 | D:8      | Found a bloodstained altar of Trog.
  8126 | D:8      | Killed Maurice
  8298 | D:8      | Reached skill level 10 in Maces & Flails
  8520 | D:9      | Reached ***** piety under Trog
  8581 | D:9      | Noticed mehakun's ghost (novice DsBe)
  8627 | D:9      | Killed mehakun's ghost
  8743 | D:9      | Noticed Psyche
  8768 | D:9      | Killed Psyche
  8979 | D:9      | Noticed Pikel
  9004 | D:9      | Killed Pikel
  9262 | D:9      | Reached skill level 11 in Maces & Flails
  9796 | D:10     | Entered Level 10 of the Dungeon
  9904 | D:10     | Reached XP level 11. HP: 53/64 MP: 11/11
 10046 | D:10     | Noticed Urug
 10075 | D:10     | Killed Urug
 10075 | D:10     | Reached skill level 10 in Shields
 10229 | D:10     | Found Igivant Sywa's Weapon Shoppe.
 10900 | D:11     | Found Inaholas's Demolitions Depot.
 10972 | D:11     | Noticed Snorg
 10973 | D:11     | Noticed a manticore
 10985 | D:11     | Killed Snorg
 10985 | D:11     | Reached skill level 12 in Maces & Flails
 10991 | D:11     | Killed a manticore
 11115 | D:11     | Noticed Josephine
 11173 | D:11     | Killed Josephine
 11446 | D:11     | Reached ****** piety under Trog
 11475 | D:11     | Received a gift from Trog
 11496 | D:11     | Reached XP level 12. HP: 38/70 MP: 12/12
 11508 | D:11     | Reached skill level 13 in Maces & Flails
 11549 | D:11     | Found a staircase to the Orcish Mines.
 11727 | D:11     | Found a staircase to the Lair.
 12151 | D:11     | Found Jagahunt's Gadget Emporium.
 12387 | Orc:1    | Entered Level 1 of the Orcish Mines
 13032 | Orc:1    | You fall through a shaft!
 13032 | Orc:2    | Entered Level 2 of the Orcish Mines
 13032 | Orc:2    | Found a staircase to the Elven Halls.
 13139 | Orc:2    | Received a gift from Trog
 13281 | Orc:1    | Received a gift from Trog
 13289 | Orc:2    | Noticed an orc high priest
 13332 | D:11     | Killed an orc high priest
 13405 | Orc:2    | Noticed an orc high priest
 13515 | Orc:1    | Killed an orc high priest
 13532 | Orc:2    | Noticed an orc warlord
 13562 | Orc:1    | Demolished by an orc warrior

Skill      XL: |  1  2  3  4  5  6  7  8  9 10 11 12 |
---------------+-------------------------------------+-----
Armour         | 3 4 5 6 7 8 |  8.1
Maces & Flails | 4 5 6 7 9 11 12 13 | 13.6
Fighting       | 4 5 6 |  6.5
Shields        | 2 6 9 11 12 | 12.7
Dodging        | |  1.5

Action                   |  1- 3 |  4- 6 |  7- 9 | 10-12 || total
-------------------------+-------+-------+-------+-------++-------
Melee: Mace              |   111 |   280 |       |       ||   391
       Flail             |       |       |   530 |   385 ||   915
       Whip              |       |       |       |   138 ||   138
       Eveningstar       |       |       |       |   520 ||   520
Throw: Tomahawk          |       |       |       |     3 ||     3
Invok: Berserk           |       |       |     3 |     1 ||     4
       Trog's Hand       |       |       |       |     1 ||     1
Evoke: Wand              |       |       |     3 |       ||     3
  Use: Scroll            |       |     6 |     8 |    10 ||    24
  Eat: Chunk             |     3 |     6 |    12 |    12 ||    33
       Ration            |       |     1 |     1 |     4 ||     6
Armor: Leather armour    |    66 |    49 |       |       ||   115
       Animal skin       |     1 |       |       |       ||     1
       Scale mail        |       |    17 |       |       ||    17
       Plate armour      |       |   130 |   317 |   384 ||   831
       Chain mail        |       |       |       |     7 ||     7
Dodge: Dodged            |    74 |   159 |    96 |   103 ||   432
Block: Shield            |     1 |       |       |       ||     1
       Large shield      |       |       |   275 |   819 ||  1094
